 Dungeon Crawl Stone Soup version 0.32-a0-928-g1cae6b7ea0 (webtiles) character file.

Game seed: 1968928437389700038

126 Doorstop00 the Trooper (level 4, 0/42 HPs)
             Began as a Minotaur Berserker on Apr 12, 2024.
             Was a Believer of Trog.
             Killed by nerve-wracking pain
             ... invoked by an orc priest
              (11 damage)
             ... on level 3 of the Dungeon.
             The game lasted 00:03:38 (1841 turns).

Doorstop00 the Trooper (Minotaur Berserker)         Turns: 1841, Time: 00:03:39

Health: 0/42       AC:  6    Str: 22    XL:     4   Next: 84%
Magic:  3/3        EV:  9    Int:  6    God:    Trog [**....]
Gold:   120        SH:  0    Dex:  9    Spells: 3/3 levels left

rFire   . . .        k - +0 war axe
rCold   . . .        (no shield)
rNeg    . . .        c - +0 scale mail
rPois   .            (helmet restricted)
rElec   .            (no cloak)
rCorr   .            (no gloves)
SInv    .            (no boots)
Will    .....        (no amulet) Stlth
                     (no ring)
HPRegen 0.27/turn    (no ring)
MPRegen 0.08/turn

%: no passive effects
@: no status effects
A: horns 2, retaliatory headbutt
a: Renounce Religion, Berserk, Trog's Hand


You were on level 3 of the Dungeon.
You worshipped Trog.
Trog was pleased with you.
You visited 1 branch of the dungeon, and saw 3 of its levels.

You collected 120 gold pieces.

Inventory:

Hand Weapons
 k - a +0 war axe (weapon)
Armour
 c - a +0 scale mail (worn)
Jewellery
 a - a ring of fire
Wands
 g - a wand of iceblast (4)
Scrolls
 b - a scroll of fear
 e - a scroll of amnesia {unknown}
 f - a scroll of poison {unknown}
Potions
 d - 4 potions of enlightenment
 h - a potion of cancellation
 i - a potion of might
 j - a potion of mutation {unknown}


   Skills:
 * Level 5.5 Fighting
 * Level 4.6 Axes
 * Level 3.0 Armour
 * Level 2.5 Dodging
 + Level 0.2 Stealth


You had 3 spell levels left.
You didn't know any spells.
Your spell library was empty.

Dungeon Overview and Level Annotations

Branches:
Dungeon (3/15)

Altars:
Fedhas


Innate Abilities, Weirdness & Mutations

You have a pair of horns on your head.
You reflexively headbutt those who attack you in melee.


Message History

Trog accepts your kill. The orc closely misses you. You furiously retaliate!
You headbutt the orc, but do no damage.
The orc priest miscasts a cantrip.
You slash the orc!
You kill the orc!
Trog accepts your kill.
The orc priest casts a cantrip, but nothing happens.
Natasha stares at you and mumbles some strange words.
The magic dart hits you but does no damage.
You barely miss Natasha. Natasha claws you.
The orc priest mumbles some strange prayers to Beogh against you.
Beogh smites you!
* * * LOW HITPOINT WARNING * * *
The cerulean imp barely misses you.
You slash Natasha!
You kill Natasha!
Trog accepts your kill.
Trog appreciates your killing of a magic user.
Natasha screams in pain as she dies!
The cerulean imp disappears in a puff of smoke!
The orc priest looks satisfied for a moment.
The orc priest hits you with a +0 club.
* * * LOW HITPOINT WARNING * * *
Items here: )) [ †.
You hit the orc priest but do no damage.
The orc priest hits you but does no damage.
You closely miss the orc priest. You headbutt the orc priest.
The orc priest is moderately wounded.
The orc priest hits you but does no damage.
You hit the orc priest but do no damage.
Your headbutt misses the orc priest.
The orc priest is moderately wounded.
The orc priest closely misses you. You furiously retaliate!
You headbutt the orc priest. The orc priest closely misses you.
You closely miss the orc priest.
The orc priest is heavily wounded.
The orc priest mumbles some strange prayers to Beogh against you.
Pain shoots through your body!
You die...

###### #....# ## #....# #.
#....## #. #.....#### ##.
####....+..######..
########.##....##.#...##..
#..>....o@.....'..........
#.#......##)...##.#.#.....
+........§#+###.#.#....)
#.........# #...#.....
#.....##....# #####.....
#.....##.#### #####.
#.....#... ###.
###..$)...... +...
#.......... ###.


You could see an orc priest.

Vanquished Creatures
  Ijyb (D:3)
  Natasha (D:3)
  2 adders
  A ribbon worm (D:2)
  5 orcs
  2 ball pythons
  2 bats
  8 endoplasms
  A giant cockroach (D:1)
  3 goblins
  7 hobgoblins
  4 jackals (D:2)
  A quokka (D:1)
  3 frilled lizards
  4 kobolds
  4 rats (D:1)
49 creatures vanquished.

Notes
Turn   | Place    | Note
-------+----------+-------------------------------------------
     0 | D:1      | Doorstop00 the Minotaur Berserker began the quest for the
                  | Orb.
     0 | D:1      | Reached XP level 1. HP: 19/19 MP: 0/0
    84 | D:1      | Reached skill level 4 in Fighting
   171 | D:1      | Reached XP level 2. HP: 18/27 MP: 1/1
  1008 | D:2      | Reached XP level 3. HP: 25/34 MP: 2/2
  1009 | D:2      | Reached ** piety under Trog
  1173 | D:2      | Found a blossoming altar of Fedhas.
  1665 | D:3      | Noticed Ijyb
  1675 | D:3      | Killed Ijyb
  1676 | D:3      | Reached skill level 5 in Fighting
  1676 | D:3      | Reached XP level 4. HP: 34/42 MP: 3/3
  1818 | D:3      | Noticed Natasha
  1836 | D:3      | Killed Natasha
  1841 | D:3      | Killed from afar by an orc priest

Illustrated notes

Levels and vault maps discovered:
D:1:      dpeg_arrival_fog, layout_basic
D:2:      layout_rooms, basic_altar, st_stairs_9, minmay_misc_feat_cross
D:3:      layout_basic, uniq_natasha, uniq_crazy_yiuf_cottage, uniq_ijyb

Skill      XL: |  1  2  3 |
---------------+----------+-----
Fighting       | 4 5 |  5.5
Axes           | 4 |  4.6
Armour         | 3 |  3.0
Dodging        | |  2.5
Stealth        | |  0.2

Action                     |  1- 3 |  4- 6 || total
---------------------------+-------+-------++-------
  Melee: Hand axe          |    74 |     4 ||    78
         Headbutt          |     9 |     3 ||    12
         War axe           |       |    16 ||    16
 Invoke: Berserk           |     1 |       ||     1
    Use: Scroll            |     4 |       ||     4
   Stab: Sleeping          |     1 |       ||     1
 Armour: Scale mail        |    66 |    17 ||    83
  Dodge: Dodged            |    33 |    10 ||    43

Table legend: (Time is in decaauts)
 A = Elapsed time spent in this place.
 B = Non-inter-level travel time spent in this place.
 C = Inter-level travel time spent in this place.
 D = Time resting spent in this place.
 E = Time spent auto-exploring this place.
 F = Levels seen in this place.
 G = Mean time per level.
                   A        B        C        D        E       F      G
               +--------+--------+--------+--------+--------+-----+--------+
         Total |   1863 |   1809 |     54 |    105 |   1412 |   3 |  621.0 |
       Dungeon |   1863 |   1809 |     54 |    105 |   1412 |   3 |  621.0 |
               +--------+--------+--------+--------+--------+-----+--------+

Top non-repeatable levels by time:
     D:1: 1006 daAuts
     D:2: 522 daAuts
     D:3: 335 daAuts
